Map: Redshift LE

Players

ArT - Winner!

  • Race: Protoss Protoss
  • Spawn Location: 7:00

Garitos

  • Race: Zerg Zerg
  • Spawn Location: 11:00

Event: WCS Valencia 2018

VOD

Have the link to the VOD?

Description

Time

  • Played on: July 12, 2018, 7:03 a.m.
  • Length: 9:53

All games in this series

Show
View Real Time Build Order
Export as new Build Order

ArT Protoss - Winner!

Build Orders: 1 Gate Expand 

Get SALT Encoding   

  12  0:00  Probe  
  13  0:12  Probe  
  14  0:17  Pylon  
  14  0:25  Probe  
  15  0:34  Probe  
  15  0:36  Gateway  
  15  0:42  Probe  
  16  0:47  Assimilator  
  17  0:52  Probe  
  18  1:04  Probe  
  19  1:18  Probe  
  20  1:25  Nexus  
  20  1:36  Cybernetics Core  
  20  1:37  Probe  
  21  1:42  Assimilator  
  21  1:50  Probe  
  21  1:52  Pylon  
  22  2:02  Stalker, Probe  
  23  2:13  Warp Gate  
  23  2:14  Probe  
  26  2:24  Robotics Facility  
  26  2:27  Probe  
  27  2:36  Adept  
  29  2:40  Probe  
  29  2:43  Probe  
  31  2:48  Probe  
  31  2:55  Probe  
  31  2:58  Pylon, Probe  
  33  3:02  Immortal  
  38  3:14  Shield Battery  
  38  3:23  Gateway  
  38  3:24  Gateway  
  38  3:28  Sentry  
  40  3:34  Gateway  
  40  3:39  Immortal  
  43  4:00  Probe x2  
  45  4:09  Immortal  
  45  4:12  Probe  
  44  4:27  Zealot x3  
  44  4:29  Probe x2  
  52  4:38  Sentry  
  54  4:45  Pylon  
  54  4:53  Warp Prism  
  54  5:02  Pylon  
  54  5:03  Probe  
  54  5:05  Zealot x2, Pylon  
  61  5:20  Probe x2  
  63  5:28  Sentry, Stalker  
  61  5:29  Gateway, Stalker x2  
  67  5:41  Probe  
  68  5:49  Probe  
  69  5:50  Warp Prism  
  69  5:53  Probe  
  69  5:54  Pylon  
  70  5:59  Zealot  
  70  6:00  Zealot, Adept x2  
  74  6:09  Twilight Council  
  70  6:18  Gateway  
  70  6:20  Stalker  
  70  6:21  Stalker x2  
  70  6:23  Stalker  
  70  6:43  Stalker  
  70  6:44  Adept  
  72  6:47  Stalker  
  74  6:57  Stalker x2  
  69  7:02  Probe  
  69  7:03  Probe  
  69  7:06  Dark Shrine  
  67  7:14  Adept x3  
  67  7:15  Probe  
  69  7:16  Probe  
  70  7:28  Adept x3  
  75  7:44  Probe x2  
  75  7:57  Probe  
  75  8:04  Probe  
  77  8:10  Adept x3  
  77  8:11  Stalker x2  
  59  8:28  Probe x2  
  59  8:32  Dark Templar  
  59  8:33  Zealot x2  
  65  8:36  Assimilator  
  65  8:38  Assimilator  
  65  9:05  Adept x3  
  65  9:06  Adept x3  
  73  9:18  Probe  
  73  9:24  Observer  
  75  9:27  Adept x4  
  75  9:31  Adept  
Show
View Real Time Build Order
Export as new Build Order

Garitos Zerg 

Build Orders: Hatch First, Swarm Host 

Get SALT Encoding   

  12  0:01  Drone  
  13  0:12  Overlord  
  13  0:17  Drone  
  14  0:31  Drone x2  
  16  0:41  Drone  
  17  0:54  Hatchery  
  16  0:57  Extractor  
  16  0:59  Drone  
  16  1:13  Spawning Pool  
  16  1:17  Drone  
  16  1:28  Drone x2  
  16  1:29  Drone  
  19  1:42  Drone  
  20  2:05  Metabolic Boost  
  20  2:07  Queen  
  22  2:12  Zergling x2  
  23  2:16  Zergling x2  
  23  2:19  Drone  
  25  2:26  Drone  
  25  2:27  Overlord  
  26  2:43  Spine Crawler, Queen  
  27  2:46  Queen  
  27  2:50  Drone  
  30  2:52  Drone  
  30  2:57  Spine Crawler  
  30  3:05  Drone x3  
  33  3:17  Drone  
  33  3:18  Drone x2  
  36  3:28  Lair  
  36  3:30  Extractor  
  35  3:42  Spore Crawler  
  34  4:19  Overlord x2  
  34  4:22  Spore Crawler  
  33  4:28  Overlord x2  
  33  4:32  Infestation Pit  
  33  4:37  Queen  
  33  4:38  Zergling x6  
  36  4:40  Zergling x6  
  40  4:53  Overlord  
  40  5:03  Zergling x10  
  45  5:12  Swarm Host  
  45  5:13  Queen  
  48  5:23  Swarm Host x3  
  48  5:26  Swarm Host x2  
  58  5:31  Swarm Host  
  58  5:34  Overlord  
  61  5:43  Zergling x2  
  61  5:45  Swarm Host  
  61  5:48  Queen  
  61  5:49  Zergling x6  
  62  6:04  Swarm Host  
  62  6:08  Zergling x6  
  62  6:09  Zergling x2  
  62  6:10  Zergling x2  
  70  6:16  Swarm Host  
  70  6:17  Overlord  
  73  6:21  Swarm Host  
  73  6:24  Overlord x2  
  76  6:35  Queen  
  76  6:38  Swarm Host  
  77  6:41  Overlord  
  76  6:51  Zergling x4  
  76  6:52  Zergling x2  
  76  6:53  Zergling x6  
  82  6:55  Spine Crawler x2  
  82  6:59  Zergling x2  
  82  7:01  Zergling x2  
  83  7:04  Spine Crawler  
  80  7:15  Zergling x4, Swarm Host x2  
  76  7:19  Swarm Host  
  76  7:21  Overlord  
  76  7:22  Zergling x4  
  86  7:25  Zergling x2  
  87  7:35  Swarm Host  
  78  7:43  Zergling x2  
  72  7:45  Zergling x2  
  72  7:48  Zergling x2  
  67  7:56  Swarm Host  
  67  8:00  Swarm Host  
  60  8:20  Zergling x4  
  60  8:21  Zergling x6  
  59  8:30  Zergling x2  
  59  8:32  Zergling x2  
  61  8:40  Zergling x2  
  61  8:43  Overseer  
  61  8:51  Zergling x2  
  59  9:01  Zergling x2  
  54  9:13  Zergling x2  
  54  9:15  Zergling x6  
  55  9:31  Hatchery  
Tags
 
Add a new tag
Caveats
  • Supply blocks, unpowered buildings, or Contaminate may cause inaccurate times.
  • Supply counts are checked every 10 seconds.